 Dungeon Crawl Stone Soup version 0.24-a0-441-g27f0392e16 (webtiles) character file.

Game seed: 369028690913755726

2333 Ijustatesigmund the Fighter (level 9, -25/150 HPs)
             Began as an Ogre Hunter on June 19, 2019.
             Annihilated by an orc warrior
             ... wielding a +0 halberd
              (28 damage)
             ... in a bailey.
             The game lasted 00:16:12 (6771 turns).

Ijustatesigmund the Fighter (Ogre Hunter)           Turns: 6771, Time: 00:16:13

Health: -25/150    AC:  4    Str: 23    XL:     9   Next: 42%
Magic:  9/9        EV: 11    Int: 12    God:
Gold:   136        SH:  0    Dex: 12    Spells: 7/8 levels left

rFire    . . .     SeeInvis +   w - +0 giant spiked club
rCold    . . .     Gourm    .   (shield currently unavailable)
rNeg     . . .     Faith    .   b - +0 robe
rPois    .         Spirit   .   (helmet restricted)
rElec    .         Reflect  .   h - +0 cloak
rCorr    .         Harm     .   (gloves unavailable)
MR       +....                  (boots unavailable)
Stlth    ..........             i - amulet of rage
HPRegen  0.35/turn              r - ring of protection from magic
MPRegen  0.11/turn              p - ring of see invisible

@: berserking, hasted, very quick
A: large, unfitting armour, tough skin 1
a: Evoke Berserk Rage


You were in a bailey.
You were hungry.

You visited 1 branch of the dungeon, and saw 7 of its levels.
You also visited: Bailey.

You collected 229 gold pieces.
You spent 93 gold pieces at shops.

Inventory:

Hand Weapons
 a - a +0 morningstar
 w - a +0 giant spiked club (weapon)
Missiles
 d - 2 throwing nets (quivered)
 k - 12 boomerangs
Armour
 b - a +0 robe (worn)
 h - a +0 cloak (worn)
Jewellery
 i - an amulet of rage (around neck)
 p - a ring of see invisible (right hand)
 r - a ring of protection from magic (left hand)
 s - a +3 ring of dexterity
 y - an uncursed amulet of the acrobat
 A - an uncursed amulet of faith {unknown}
Scrolls
 n - 7 scrolls of remove curse
 t - 2 scrolls of identify
 u - 2 scrolls of amnesia
 v - a scroll of magic mapping
 x - a scroll of fog
 B - 3 scrolls of immolation
 C - a scroll of fear
Potions
 e - a potion of cancellation
 g - 2 potions of flight
 j - a potion of agility
 l - 2 potions of haste
 o - a potion of brilliance
 q - a potion of curing
 z - a potion of resistance
Comestibles
 f - 11 rations


   Skills:
 + Level 9.5 Fighting
 * Level 8.3 Maces & Flails
 - Level 4.0 Throwing
 - Level 3.2 Dodging
 - Level 0.6 Stealth
 + Level 2.3 Translocations


You had 7 spell levels left.
You knew the following spells:

 Your Spells              Type           Power        Failure   Level  Hunger
a - Apportation           Tloc           #.....       13%         1    ##.....

Your spell library contained the following spells:

 Spells                   Type           Power        Failure   Level  Hunger
 Animate Skeleton         Necr           N/A          32%         1    ##.....
 Confusing Touch          Hex            #.....       32%         1    ##.....
 Summon Small Mammal      Summ           #...         32%         1    ##.....


Dungeon Overview and Level Annotations

Branches:
Dungeon (7/15)             Temple (0/1) D:5

Altars:
Dithmenos
Gozag
Ru
Sif Muna
Wu Jian

Shops:
D:4 *   D:5 [

Annotations:
D:5 2 transporters


Innate Abilities, Weirdness & Mutations

You are too large for most types of armour.
You have tough skin. (AC +1)


Message History

Found a polished scimitar and a scroll labeled BUENAV SIETUO.
An orc warrior comes into view. It is wielding a +0 halberd.
The orc warrior shoots a bolt.
The bolt hits you.
Found a shiny plate armour, 159 gold pieces and a lightning rod (4/4).
There is an open door here.
You feel better. The orc warrior closely misses you. The orc knight misses you.
You close the door.
The orc warrior shoots a bolt.
The bolt misses you.
The bolt hits the orc warrior!
A red film seems to cover your vision as you go berserk!
You feel yourself moving faster!
You feel mighty!
You are feeling hungry.
The orc warrior hits you from afar with a +0 halberd!
The orc knight hits you with a +0 glaive!!
* * * LOW HITPOINT WARNING * * *
You closely miss the orc knight.
The orc warrior shoots a bolt.
The bolt hits you!!
* * * LOW HITPOINT WARNING * * *
The orc warrior hits you from afar with a +0 halberd!!
You die...

### ## ##
##∩###########.##
..##...##.....##o.?#
≈..#...#..≈≈≈..#..)#
≈≈.......≈≈.≈≈.#...#
o≈..((...≈.oo≈.+@o.#
≈≈)).(...≈≈(≈≈.#..[#
≈..#()(#..≈≈≈..#o.$#
..##.(.##(((..##..}#
## ##∩###########.##
### ##


You could see an orc knight and 2 orc warriors.

Vanquished Creatures
  Grinder (D:3)
  A wyvern (D:4)
  Sigmund (D:3)
  2 ice beasts
  5 orc warriors (Bailey)
  An ogre (D:5)
  A big kobold (D:6)
  Blork the orc (D:5)
  A bullfrog (D:6)
  2 scorpions
  A howler monkey (D:4)
  A crimson imp (D:6)
  A bullfrog zombie (D:6)
  3 orc priests
  2 bullfrog skeletons (D:6)
  3 orc wizards
  2 iguanas
  6 worker ants
  A hound skeleton (D:5)
  6 gnolls
  7 adders
  An ooze (D:4)
  An adder zombie (D:6)
  2 adder skeletons (D:5)
  A worm (D:2)
  3 dart slugs
  A leopard gecko (D:4)
  24 orcs
  2 ball pythons
  8 giant cockroaches
  4 goblins
  8 hobgoblins
  4 jackals
  2 quokkas
  4 bats
  8 frilled lizards
  10 kobolds
  A leopard gecko skeleton (D:4)
  3 rats (D:2)
136 creatures vanquished.

Notes
Turn   | Place    | Note
-------+----------+-------------------------------------------
     0 | D:1      | Ijustatesigmund the Ogre Hunter began the quest for the
                  | Orb.
     0 | D:1      | Reached XP level 1. HP: 22/22 MP: 1/1
    27 | D:1      | Reached skill level 3 in Fighting
   195 | D:1      | Reached XP level 2. HP: 32/32 MP: 2/2
   214 | D:1      | You fall into a shaft and drop 1 floor!
   267 | D:2      | Reached skill level 4 in Fighting
   722 | D:2      | Reached XP level 3. HP: 32/40 MP: 3/3
   892 | D:2      | Reached skill level 1 in Maces & Flails
  1141 | D:2      | Reached XP level 4. HP: 37/49 MP: 4/4
  1337 | D:2      | Found a deep blue altar of Sif Muna.
  2133 | D:3      | Noticed Sigmund
  2141 | D:3      | Reached skill level 5 in Fighting
  2146 | D:3      | Killed Sigmund
  2146 | D:3      | Reached XP level 5. HP: 30/59 MP: 5/5
  2146 | D:3      | Reached XP level 6. HP: 34/67 MP: 6/6
  2454 | D:3      | Found a faded altar of an unknown god.
  2478 | D:3      | Noticed Grinder
  2480 | D:3      | Paralysed by Grinder for 5 turns
  2487 | D:3      | Killed Grinder
  2487 | D:3      | Reached skill level 6 in Fighting
  2487 | D:3      | Reached XP level 7. HP: 54/76 MP: 7/7
  2855 | D:4      | Noticed a wyvern
  2864 | D:4      | Killed a wyvern
  2864 | D:4      | Reached skill level 7 in Fighting
  2864 | D:4      | Reached skill level 5 in Maces & Flails
  3201 | D:4      | Found Qihyor's General Store.
  3210 | D:4      | Bought a scroll of fear for 38 gold pieces
  3210 | D:4      | Bought a scroll of fog for 22 gold pieces
  3210 | D:4      | Bought a potion of curing for 33 gold pieces
  3455 | D:4      | Reached XP level 8. HP: 88/88 MP: 8/8
  3542 | D:5      | Entered Level 5 of the Dungeon
  3706 | D:5      | Found Faxkeote's Antique Armour Emporium.
  4062 | D:5      | Noticed Blork the orc
  4072 | D:5      | Reached skill level 8 in Fighting
  4076 | D:5      | Killed Blork the orc
  4266 | D:5      | Found a transporter.
  4266 | D:5      | Found a transporter.
  4500 | D:5      | Found a staircase to the Ecumenical Temple.
  4708 | D:6      | Found an opulent altar of Gozag.
  4709 | D:6      | Found a sacrificial altar of Ru.
  4711 | D:6      | Found a shadowy altar of Dithmenos.
  5652 | D:6      | Found an ornate altar of the Wu Jian Council.
  5717 | D:6      | Learned a level 1 spell: Apportation
  5742 | D:6      | Reached XP level 9. HP: 73/97 MP: 9/9
  6027 | D:6      | Reached skill level 9 in Fighting
  6043 | D:6      | Reached skill level 1 in Translocations
  6238 | D:7      | Found a flagged portal.
  6245 | Bailey   | Entered a bailey
  6247 | Bailey   | Noticed an orc knight
  6290 | Bailey   | HP: 5/150 [orc warrior/bolt (22)]
  6765 | Bailey   | Noticed an orc knight
  6771 | Bailey   | HP: 3/150 [orc warrior/bolt (30)]
  6771 | Bailey   | Annihilated by an orc warrior

Levels and vault maps discovered:
D:1:      dpeg_arrival_round_a, layout_rooms
D:2:      layout_rooms, old_standard_altar, minivault_5
D:3:      layout_basic, chequers_ecumenical_altar_twisty, first_ration,
          uniq_grinder, uniq_sigmund
D:4:      layout_basic, serial_shops, shop
D:5:      gammafunk_steamed_eel, layout_gridville, temple_statues, serial_shops,
          shop, kennysheep_big_empty_room, hangedman_decor_clover_reticule,
          uniq_blork_the_orc
D:6:      layout_loops_ring, lemuel_coloured_pillars_altar,
          nicolae_overflow_hidden_temple
D:7:      cheibrodos_quashed, layout_cave_pools, gammafunk_ghost_arena,
          enter_bailey_2
Bailey:   bailey_polearm_4, bailey

Skill      XL: |  1  2  3  4  5  6  7  8  9 |
---------------+----------------------------+-----
Fighting       | 3 4 5 6 7 8 9 |  9.5
Maces & Flails | 1 3 4 6 7 8 |  8.3
Dodging        | 3 |  3.2
Translocations | 2 |  2.3
Throwing       | |  4.0
Stealth        | |  0.6

Action                   |  1- 3 |  4- 6 |  7- 9 || total
-------------------------+-------+-------+-------++-------
Melee: Short sword       |    57 |       |       ||    57
       Whip              |    63 |    81 |       ||   144
       Morningstar       |       |    18 |    90 ||   108
       Giant spiked club |       |       |   134 ||   134
Throw: Large rock        |       |       |    10 ||    10
 Cast: Apportation       |       |       |     1 ||     1
 Abil: Evoke Berserk Rag |       |       |     7 ||     7
Evoke: Wand              |       |     4 |     8 ||    12
  Use: Scroll            |     3 |     4 |     8 ||    15
       Potion            |       |       |     3 ||     3
 Stab: Sleeping          |       |       |     3 ||     3
       Distracted        |       |       |     1 ||     1
  Eat: Chunk             |     1 |     4 |    13 ||    18
       Ration            |       |       |     2 ||     2
Armor: Robe              |    62 |    46 |    58 ||   166
Dodge: Dodged            |    83 |    72 |   175 ||   330

Table legend:
 A = Non-vault XP
 B = Vault XP
 C = Vault XP percentage of total XP
 D = Non-vault monster count
 E = Vault monster count
 F = Vault count percentage of total count
                 A         B        C        D         E       F
            +---------+---------+-------+---------+---------+-------
      Total |    2088 |    1246 |  37.4 |     125 |      11 |   8.1
            +---------+---------+-------+---------+---------+-------
        D:1 |      16 |       0 |   0.0 |       8 |       0 |   0.0
        D:2 |      83 |       0 |   0.0 |      26 |       0 |   0.0
        D:3 |      42 |     484 |  92.0 |      19 |       2 |   9.5
        D:4 |     647 |       0 |   0.0 |      21 |       0 |   0.0
        D:5 |     506 |      90 |  15.1 |      21 |       1 |   4.5
        D:6 |     660 |       0 |   0.0 |      28 |       0 |   0.0
        D:7 |     134 |       0 |   0.0 |       2 |       0 |   0.0
     Bailey |       0 |     672 | 100.0 |       0 |       8 | 100.0
            +---------+---------+-------+---------+---------+-------
